 Dungeon Crawl Stone Soup version 0.23.3-3-gaaff5abdbf (webtiles) character file.

Game seed: 1011671566363894144

29206 MordorOrchid the Geomancer (level 13, -6/81 HPs)
             Began as an Octopode Earth Elementalist on June 5, 2020.
             Was the Champion of Dithmenos.
             Mangled by a seven-headed hydra (15 damage)
             ... on level 4 of the Lair of Beasts on June 6, 2020.
             The game lasted 01:31:05 (10491 turns).

MordorOrchid the Geomancer (OpEE)                  Turns: 10491, Time: 01:31:05

Health: -6/81      AC:  3    Str:  8    XL:     13   Next: 43%
Magic:  2/34       EV: 18    Int: 21    God:    Dithmenos [******]
Gold:   714        SH:  7    Dex: 13    Spells: 3/29 levels left

rFire    + . .     SeeInvis +   e - +12 Vampire's Tooth {vamp}
rCold    . . .     Gourm    +   a - +2 buckler
rNeg     . . .     Faith    .   p - +2 hat
rPois    +         Spirit   .   H - amulet of the gourmand
rElec    .         Reflect  .   R - ring of magical power
rCorr    +         Harm     .   r - ring of resist corrosion
MR       .....                  x - ring of poison resistance
Stlth    +++++++++.             F - ring of see invisible
HPRegen  1.23/turn              L - +3 ring of slaying
MPRegen  0.24/turn              d - ring of wizardry
                                U - ring of protection from fire
                                (no ring)

@: regenerating, wreathed by umbra
A: almost no armour, stealthy swim, amphibious, 8 rings, constrict 8, camouflage
1, gelatinous body 1
a: Shadow Step, Shadow Form, Renounce Religion


You were on level 4 of the Lair of Beasts.
You worshipped Dithmenos.
Dithmenos was exalted by your worship.
You were very full.

You visited 3 branches of the dungeon, and saw 17 of its levels.

You collected 1228 gold pieces.
You spent 514 gold pieces at shops.

Inventory:

Hand Weapons
 e - the +12 Vampire's Tooth (weapon) {vamp}
   (You found it on level 6 of the Dungeon)

   It inflicts no extra harm, but heals its wielder when it wounds a living foe.
 g - the +12 dagger of Exquisite Death {freeze, +Fly rC++}
   (You found it on level 2 of the Lair of Beasts)

   It has been specially enchanted to freeze those struck by it, causing extra
   injury to most foes and up to half again as much damage against particularly
   susceptible opponents.
   It can also slow down cold-blooded creatures.
   It greatly protects you from cold.
   It lets you fly.
 j - the +9 hunting sling of Reinforcement {velocity, Dex+4}
   (You found it on level 7 of the Dungeon)

   Any stone fired from it inflicts extra damage.
   It affects your dexterity (+4).
 m - the cursed +1 mace "Quiloqyu" {freeze, +Inv}
   (You found it on level 2 of the Lair of Beasts)

   It has been specially enchanted to freeze those struck by it, causing extra
   injury to most foes and up to half again as much damage against particularly
   susceptible opponents.
   It can also slow down cold-blooded creatures.
   It lets you turn invisible.
   It has a curse placed upon it.
 y - a +7 rapier of freezing
Missiles
 b - 130 stones
 w - 49 sling bullets
 T - 17 tomahawks (quivered)
Armour
 a - a +2 buckler (worn)
 p - a +2 hat (worn)
Magical Staves
 O - an uncursed staff of earth
 Y - an uncursed staff of cold
Jewellery
 d - a ring of wizardry (on tentacle)
 r - a ring of resist corrosion (right tentacle)
 x - a ring of poison resistance (on tentacle)
 F - a ring of see invisible (on tentacle)
 H - an amulet of the gourmand (around mantle)
 L - a +3 ring of slaying (on tentacle)
 R - a ring of magical power (left tentacle)
 U - a ring of protection from fire (on tentacle)
Wands
 k - a wand of disintegration (11)
 l - a wand of polymorph (6)
 t - a wand of flame (17)
 v - a wand of clouds (10)
 G - a wand of acid (5)
 S - a wand of digging (4)
 V - a wand of enslavement (12)
 W - a wand of scattershot (5)
Scrolls
 n - 6 scrolls of teleportation
 o - 3 scrolls of blinking
 D - a scroll of magic mapping
 E - 2 scrolls of fear
 J - a scroll of noise {unknown}
 M - 2 scrolls of fog
 P - 3 scrolls of immolation
 Q - 6 scrolls of remove curse
Potions
 f - 6 potions of haste
 h - a potion of might {unknown}
 i - 5 potions of curing
 s - a potion of berserk rage
 u - 4 potions of flight
 z - 5 potions of brilliance
 A - a potion of invisibility
 B - a potion of ambrosia
 I - 3 potions of cancellation
 K - a potion of mutation
 N - a potion of agility {unknown}
 X - 2 potions of heal wounds
 Z - 2 potions of lignification
Miscellaneous
 C - a box of beasts
Comestibles
 c - 26 rations


   Skills:
 * Level 4.6 Fighting
 - Level 5.0 Short Blades
 * Level 8.4 Dodging
 + Level 9.0 Stealth
 * Level 4.6 Shields
 * Level 8.8 Spellcasting
 - Level 6.0 Conjurations
 - Level 2.0 Charms
 - Level 4.0 Summonings
 - Level 4.0 Necromancy
 - Level 4.0 Transmutations
 - Level 4.0 Air Magic
 * Level 9.7 Earth Magic
 - Level 1.1 Poison Magic
 * Level 5.7 Invocations
 * Level 5.6 Evocations


You had 3 spell levels left.
You knew the following spells:

 Your Spells              Type           Power        Failure   Level  Hunger
a - Sandblast             Erth           ######       1%          1    None
d - Petrify               Tmut/Erth      #####...     1%          4    ###....
f - Stone Arrow           Conj/Erth      #####.       1%          3    None
g - Mephitic Cloud        Conj/Pois/Air  ###.....     1%          3    None
j - Summon Lightning Spi  Summ/Air       ####....     6%          4    ###....
k - Regeneration          Chrm/Necr      ###.......   2%          3    None
u - Animate Skeleton      Necr           N/A          1%          1    None
v - Lee's Rapid Deconstr  Erth           ######....   1%          5    #####..
w - Passwall              Tmut/Erth      #####...     1%          2    None

Your spell library contained the following spells:

 Spells                   Type           Power        Failure   Level  Hunger
 Pain                     Necr           ####         1%          1    None
 Sting                    Conj/Pois      ###.         1%          1    None
 Summon Small Mammal      Summ           ####         1%          1    None
 Call Imp                 Summ           ####....     1%          2    None
 Poisonous Vapours        Pois/Air       ###...       1%          2    None
 Throw Frost              Conj/Ice       ###...       1%          2    None
 Call Canine Familiar     Summ           ####....     1%          3    None
 Vampiric Draining        Necr           ####......   1%          3    None
 Confusing Touch          Hex            #.....       3%          1    None
 Corona                   Hex            #......      3%          1    None
 Freeze                   Ice            #...         3%          1    None
 Slow                     Hex            #.......     4%          2    None
 Summon Guardian Golem    Hex/Summ       ###.....     4%          3    None
 Ozocubu's Armour         Chrm/Ice       ##......     6%          3    None
 Confuse                  Hex            #.......     9%          3    None
 Gell's Gravitas          Tloc           #.........   9%          3    None
 Inner Flame              Hex/Fire       #.......     9%          3    None
 Portal Projectile        Hex/Tloc       #.....       9%          3    None
 Leda's Liquefaction      Hex/Erth       ####......   4%          4    ###....
 Animate Dead             Necr           N/A          6%          4    ###....
 Throw Icicle             Conj/Ice       ###.....     9%          4    ###....
 Summon Ice Beast         Ice/Summ       ###.....     13%         4    ###....
 Olgreb's Toxic Radiance  Pois           ##......     17%         4    ###....
 Venom Bolt               Conj/Pois      ###.......   19%         5    #####..
 Cause Fear               Hex            #.........   28%         4    ###....
 Yara's Violent Unravell  Hex/Tmut       ###.......   32%         5    #####..
 Metabolic Englaciation   Hex/Ice        #.........   58%         5    #####..


Dungeon Overview and Level Annotations

Branches:
Dungeon (12/15)            Temple (1/1) D:4            Lair (4/6) D:8
  Snake (0/4) Lair:3          Orc (0/2) D:9
  Swamp: Lair:2-4    Shoals: Lair:2-4

Altars:
Ashenzari
Cheibriados
Dithmenos
Elyvilon
Gozag
Hepliaklqana
Kikubaaqudgha
Makhleb
Nemelex Xobeh
Okawaru
Qazlal
Ru
Sif Muna
Trog
Uskayaw
Vehumet
Wu Jian
Xom
Yredelemnul
Zin
The Shining One
Beogh

Shops:
D:11 ((*


Innate Abilities, Weirdness & Mutations

You cannot wear most types of armour.
You are very stealthy in the water. (Stealth+)
You are amphibious.
You can wear up to eight rings at the same time.
You can use your tentacles to constrict eight enemies at once.
Your skin changes colour to match your surroundings (Stealth+).
Your rubbery body absorbs attacks. (AC +1, EV +1)


Message History

You create a blast of freezing vapour!
The seven-headed hydra is engulfed in freezing vapours.
The seven-headed hydra seems to slow down.
Casting: Summon Lightning Spire (safe; 6% risk of failure)
Confirm with . or Enter, or press ? or * to list all spells.
Your skin crawls.
Evoke which item? (* to show all) (? for menu, Esc to quit)
Aiming: Disintegrate
Press: ? - help, Shift-Dir - straight line, f - seven-headed hydra
Aim: a seven-headed hydra (freezing vapour, lightly wounded, slow, umbra, chance to defeat MR: 53%)
The seven-headed hydra resists with significant effort.
The seven-headed hydra is engulfed in freezing vapours.
The seven-headed hydra bites you! The seven-headed hydra bites you.
The seven-headed hydra misses you. The seven-headed hydra bites you!
* * * LOW HITPOINT WARNING * * *
You emit a cloud of dark smoke.
The seven-headed hydra bites you!
* * * LOW HITPOINT WARNING * * *
You block the seven-headed hydra's attack.
The seven-headed hydra bites you!
You die...

##.. ##....≈≈≈≈ #.....
#.....P≈≈≈ ##....
##....≈PPP #.....
#.##.PP.P .#.§§§####
##.##..... #..§§§§§P###
#P.##..... ##..§§§§§.P#
#...#..... #.....§D§.##
##........ .#....#@§.##
##P.#....
#.....##§..#######......
.#....#......#..##...#≈.
#...................#≈≈
#......>.............##.
................#P......
............#####......
..........#.# #......
..............# #......


You could see a seven-headed hydra.

Vanquished Creatures
  Snorg (D:11)
  A catoblepas (Lair:2)
  4 hydras
  A two-headed ogre (D:8)
  Nergalle (Lair:1)
  An unseen horror (D:10)
  An ugly thing (D:11)
  4 oklob plants (Lair:2)
  2 cyclopes (D:11)
  A manticore (D:12)
  2 black mambas (Lair:3)
  Psyche (D:9)
  6 spiny frogs
  3 komodo dragons
  A polar bear (Lair:3)
  A troll (D:10)
  A queen bee (Lair:1)
  A hornet (Lair:4)
  Prince Ribbit (D:9)
  6 hippogriffs
  Sigmund (D:2)
  8 yaks
  2 wyverns (D:11)
  2 hogs (D:9)
  A human (D:9)
  A hungry ghost (D:9)
  2 vampire mosquitoes (D:12)
  6 water moccasins
  Duvessa (D:7)
  8 porcupines
  13 orc warriors
  4 sky beasts
  4 black bears
  An ice beast (D:10)
  9 ogres
  A necrophage (D:6)
  2 phantoms
  A centaur (D:12)
  3 wolves (Lair:2)
  10 crocodiles
  4 big kobolds
  16 bullfrogs
  2 gnoll sergeants
  Dowan (D:7)
  A wyvern zombie (D:8)
  5 scorpions
  25 killer bees
  4 wights (D:6)
  6 howler monkeys
  5 crimson imps
  3 quasits
  3 centaur zombies
  A bullfrog skeleton (D:4)
  2 bullfrog zombies (D:11)
  A centaur skeleton (D:7)
  9 hounds
  A jelly (D:8)
  5 orc priests
  6 iguanas
  Natasha (D:2)
  8 orc wizards
  9 worker ants
  2 hound skeletons
  2 worker ant zombies (D:8)
  20 gnolls
  A howler monkey skeleton (D:8)
  11 adders
  3 shadow imps
  2 oozes
  2 adder skeletons
  3 worms
  5 dart slugs
  A leopard gecko (D:9)
  65 orcs
  A ball python (D:5)
  6 giant cockroaches
  5 goblins
  7 hobgoblins
  17 jackals
  17 kobolds
  A quokka (D:4)
  2 bats
  3 frilled lizards
  A jackal skeleton (D:4)
  7 rats
  A fungus (D:1)
423 creatures vanquished.

Vanquished Creatures (collateral kills)
  A hydra (Lair:3)
  A spiny frog (Lair:2)
  A rime drake (Lair:3)
  A basilisk (Lair:2)
  2 nagas (Lair:3)
  A water moccasin (Lair:3)
  A porcupine (Lair:4)
  A wolf (Lair:2)
  A bullfrog (Lair:3)
  8 killer bees (Lair:1)
  An electric eel (Lair:4)
  A fungus (Lair:3)
  2 plants
22 creatures vanquished.

Vanquished Creatures (others)
  6 fungi (D:8)
  3 plants (Lair:2)
  5 toadstools (D:1)
14 creatures vanquished.

Grand Total: 459 creatures vanquished

Notes
Turn   | Place    | Note
-------+----------+-------------------------------------------
     0 | D:1      | MordorOrchid the Octopode Earth Elementalist began the
                  | quest for the Orb.
     0 | D:1      | Reached XP level 1. HP: 11/11 MP: 3/3
   126 | D:1      | Found a glowing golden altar of the Shining One.
   211 | D:1      | Reached XP level 2. HP: 17/17 MP: 3/5
   225 | D:1      | Learned a level 2 spell: Passwall
   605 | D:2      | Noticed Natasha
   648 | D:2      | Reached XP level 3. HP: 17/22 MP: 6/6
   656 | D:2      | Learned a level 3 spell: Stone Arrow
   669 | D:2      | Noticed Sigmund
   856 | D:2      | Noticed a bullfrog
   860 | D:2      | Killed a bullfrog
   860 | D:2      | Reached skill level 1 in Fighting
   860 | D:2      | Reached XP level 4. HP: 27/28 MP: 7/7
   877 | D:2      | Found an ancient bone altar of Kikubaaqudgha.
   881 | D:2      | Reached skill level 1 in Conjurations
  1111 | D:2      | Killed Sigmund
  1111 | D:2      | Reached XP level 5. HP: 34/34 MP: 9/9
  1111 | D:2      | Reached XP level 6. HP: 39/39 MP: 10/10
  1129 | D:2      | Learned a level 4 spell: Petrify
  1158 | D:2      | Killed Natasha
  1227 | D:3      | Found a burning altar of Makhleb.
  1771 | D:4      | Reached XP level 7. HP: 37/45 MP: 12/12
  1808 | D:4      | Reached skill level 5 in Earth Magic
  2138 | D:4      | Found a staircase to the Ecumenical Temple.
  2213 | Temple   | Entered the Ecumenical Temple
  2272 | Temple   | Became a worshipper of Dithmenos the Shadowed
  2318 | D:5      | Entered Level 5 of the Dungeon
  2492 | D:5      | Reached XP level 8. HP: 50/50 MP: 11/14
  2650 | D:5      | Reached skill level 1 in Short Blades
  3021 | D:6      | Reached * piety under Dithmenos
  3102 | D:6      | Reached skill level 5 in Spellcasting
  3124 | D:6      | Learned a level 5 spell: Lee's Rapid Deconstruction
  3179 | D:6      | Found a shimmering altar of Xom.
  3432 | D:6      | Found the +12 Vampire's Tooth {vamp}
  3674 | D:7      | Reached XP level 9. HP: 54/54 MP: 17/17
  3741 | D:7      | Got a crystal hunting sling
  3743 | D:7      | Reached skill level 5 in Dodging
  3757 | D:7      | Noticed Dowan
  3870 | D:6      | Identified a scroll of acquirement
  4004 | D:7      | Reached skill level 1 in Shields
  4018 | D:7      | Got a crystal spear
  4063 | D:7      | Noticed Duvessa
  4072 | D:7      | Killed Duvessa
  4072 | D:7      | Reached ** piety under Dithmenos
  4078 | D:7      | Killed Dowan
  4527 | D:8      | Identified the cursed +1 spear "Giolinu" {flame, Int+6}
                  | (You found it on level 7 of the Dungeon)
  4577 | D:8      | Reached skill level 5 in Stealth
  4646 | D:8      | Reached XP level 10. HP: 63/63 MP: 10/19
  4694 | D:8      | Noticed a two-headed ogre
  4795 | D:8      | Reached *** piety under Dithmenos
  4809 | D:8      | Found a staircase to the Lair.
  4920 | D:8      | Learned a level 3 spell: Mephitic Cloud
  5026 | D:8      | Reached skill level 5 in Conjurations
  5159 | D:8      | Killed a two-headed ogre
  5159 | D:8      | Reached skill level 1 in Air Magic
  5159 | D:8      | Reached skill level 1 in Poison Magic
  5159 | D:8      | Reached skill level 1 in Invocations
  5159 | D:8      | Reached skill level 1 in Evocations
  5282 | D:9      | Noticed Psyche
  5293 | D:9      | Killed Psyche
  5372 | D:9      | Found a basalt altar of Yredelemnul.
  5413 | D:9      | Noticed Prince Ribbit
  5422 | D:9      | Learned a level 4 spell: Summon Lightning Spire
  5434 | D:9      | Killed Prince Ribbit
  5467 | D:9      | Reached **** piety under Dithmenos
  5540 | D:9      | Reached XP level 11. HP: 69/69 MP: 21/21
  5570 | D:9      | Reached skill level 1 in Summonings
  5655 | D:9      | Found a roughly hewn altar of Beogh.
  5682 | D:9      | Identified the +9 hunting sling of Reinforcement {velocity,
                  | Dex+4} (You found it on level 7 of the Dungeon)
  5747 | D:9      | Found a staircase to the Orcish Mines.
  5876 | D:9      | Reached ***** piety under Dithmenos
  6016 | D:9      | Found a bloodstained altar of Trog.
  6016 | D:9      | Found a sacrificial altar of Ru.
  6021 | D:9      | Found a radiant altar of Vehumet.
  6023 | D:9      | Found an opulent altar of Gozag.
  6024 | D:9      | Found a shattered altar of Ashenzari.
  6155 | D:10     | Entered Level 10 of the Dungeon
  6386 | D:10     | Noticed an unseen horror
  6390 | D:10     | Killed an unseen horror
  6609 | D:10     | Reached skill level 5 in Short Blades
  6718 | D:11     | Found Ceowomat's General Store.
  6930 | D:11     | Bought a wand of acid (5) for 216 gold pieces
  6930 | D:11     | Bought a ration for 60 gold pieces
  6930 | D:11     | Bought a scroll of immolation for 42 gold pieces
  6945 | D:11     | Found Emeomese's Antique Weapon Boutique.
  7043 | D:11     | Learned a level 3 spell: Regeneration
  7109 | D:11     | Noticed Snorg
  7120 | D:11     | Killed Snorg
  7206 | D:11     | Noticed a cyclops
  7216 | D:11     | Killed a cyclops
  7235 | D:11     | Noticed a purple ugly thing
  7273 | D:11     | Found a sacrificial altar of Ru.
  7342 | D:11     | Reached skill level 1 in Charms
  7363 | D:11     | Killed a purple ugly thing
  7363 | D:11     | Reached skill level 1 in Necromancy
  7363 | D:11     | Reached XP level 12. HP: 74/74 MP: 20/24
  7368 | D:11     | Found Besaseq's Antique Weapon Emporium.
  7567 | D:11     | Bought a steaming dagger for 196 gold pieces
  8040 | Lair:1   | Entered Level 1 of the Lair of Beasts
  8110 | Lair:1   | Noticed a seven-headed hydra
  8120 | Lair:1   | Killed a seven-headed hydra
  8126 | Lair:1   | Learned a level 1 spell: Animate Skeleton
  8161 | Lair:1   | Noticed an eight-headed hydra
  8176 | Lair:1   | Killed an eight-headed hydra
  8382 | Lair:1   | Noticed an eight-headed hydra
  8384 | Lair:1   | Noticed Nergalle
  8395 | Lair:1   | Killed an eight-headed hydra
  8404 | Lair:1   | Killed Nergalle
  8808 | Lair:2   | Reached skill level 5 in Invocations
  8811 | Lair:2   | Reached skill level 5 in Evocations
  8811 | Lair:2   | Noticed a catoblepas
  8825 | Lair:2   | Killed a catoblepas
  8916 | Lair:2   | Identified the cursed +1 dagger of Descent {pierce, Int+3
                  | Dex+3} (You bought it in a shop on level 11 of the Dungeon)
  9137 | Lair:2   | Got an iridescent mace
  9168 | Lair:2   | Reached ****** piety under Dithmenos
  9213 | Lair:2   | Identified the cursed +1 mace "Quiloqyu" {freeze, +Inv}
                  | (You found it on level 2 of the Lair of Beasts)
  9364 | Lair:2   | Reached XP level 13. HP: 79/79 MP: 9/25
  9533 | Lair:2   | Got a transparent dagger
  9628 | Lair:3   | Identified the +12 dagger of Exquisite Death {freeze, +Fly
                  | rC++} (You found it on level 2 of the Lair of Beasts)
 10036 | Lair:3   | Found a staircase to the Snake Pit.
 10491 | Lair:4   | Mangled by a seven-headed hydra

Skill      XL: |  1  2  3  4  5  6  7  8  9 10 11 12 13 |
---------------+----------------------------------------+-----
Stealth        | 3 5 6 8 9 |  9.0
Fighting       | 1 2 3 4 |  4.6
Conjurations   | 1 2 3 4 5 6 |  6.0
Dodging        | 3 4 5 6 8 |  8.4
Spellcasting   | 3 4 5 6 8 |  8.8
Earth Magic    | 4 5 6 7 8 9 |  9.7
Transmutations | 2 3 4 |  4.0
Short Blades   | 2 3 4 5 |  5.0
Shields        | 2 3 4 |  4.6
Air Magic      | 1 3 4 |  4.0
Poison Magic   | 1 |  1.1
Invocations    | 2 3 5 |  5.7
Evocations     | 2 3 5 |  5.6
Summonings     | 2 4 |  4.0
Charms         | 1 2 |  2.0
Necromancy     | 1 4 |  4.0

Action                   |  1- 3 |  4- 6 |  7- 9 | 10-12 | 13-15 || total
-------------------------+-------+-------+-------+-------+-------++-------
Melee: Short sword       |    31 |    27 |    39 |       |       ||    97
       Tentacles         |    12 |     4 |    14 |    50 |    12 ||    92
       Unarmed           |     5 |       |       |       |       ||     5
       Constrict         |     9 |     8 |    19 |    46 |    10 ||    92
       Quick blade       |       |       |    46 |   281 |     9 ||   336
       Rapier            |       |       |       |       |    48 ||    48
Throw: Tomahawk          |       |       |       |    10 |       ||    10
 Cast: Sandblast         |    12 |    27 |   129 |    99 |     5 ||   272
       Stone Arrow       |       |    21 |    55 |    50 |     1 ||   127
       Petrify           |       |       |     8 |    71 |    28 ||   107
       Lee's Rapid Decon |       |       |     1 |    26 |    10 ||    37
       Passwall          |       |       |     1 |     4 |     1 ||     6
       Animate Skeleton  |       |       |       |    15 |    16 ||    31
       Regeneration      |       |       |       |     5 |     6 ||    11
       Summon Lightning  |       |       |       |     3 |     4 ||     7
Evoke: Wand              |       |       |       |     2 |     2 ||     4
  Use: Scroll            |       |     3 |    14 |    19 |     4 ||    40
       Potion            |       |     1 |     1 |       |       ||     2
 Stab: Sleeping          |     4 |     5 |     6 |    14 |     9 ||    38
       Petrified         |       |       |    16 |    78 |    20 ||   114
       Petrifying        |       |       |     1 |     6 |     8 ||    15
       Distracted        |       |       |       |     1 |       ||     1
  Eat: Chunk             |       |     5 |    22 |    38 |    12 ||    77
       Ration            |       |       |     2 |       |       ||     2
Armor: Skin              |     3 |     2 |     7 |     9 |     3 ||    24
Dodge: Dodged            |    14 |    17 |    81 |   156 |    22 ||   290
Block: Buckler           |       |       |     2 |    28 |    10 ||    40
